[Event "1st Sakatam Open 2024"]
[Site "Guwahati"]
[Date "2024.03.26"]
[Round "6.8"]
[White "Tanmay Rajbongshi"]
[Black "Debankur Banerjee"]
[Result "1-0"]
[ECO "B13"]
[WhiteElo "1909"]
[BlackElo "1718"]
[Annotator "RC"]
[PlyCount "105"]
[EventDate "2024.03.24"]
[EventType "swiss"]
[EventCountry "IND"]
[SourceTitle "playchess.com"]
[Source "ChessBase"]
[SourceQuality "1"]
[TimeControl "5400+30"]

1. e4 c6 2. d4 d5 3. exd5 cxd5 4. Bd3 Nc6 5. c3 Nf6 6. Bf4 g6 7. Nf3 Bg7 8. h3 O-O 9. O-O Nh5 10. Bh2 Bh6 11. Nbd2 Nf4 12. Bc2 Be6 13. Re1 Kh8 14. Nf1 Qc8 15. Kh1 Bf5 16. Bxf5 Qxf5 17. Ne3 Qh5 18. Ng4 Ne6 19. Nxh6 Qxh6 20. Ne5 Kg8 21. Qg4 Ncd8 22. Qf3 Qd2 23. Re2 Qg5 24. Rae1 Rc8 25. Re3 Qf5 26. Qe2 Nf4 27. Bxf4 Qxf4 28. Nd7 Ne6 29. Nxf8 Rxf8 30. Rf3 Qd6 31. Re3 Nf4 32. Qf3 e6 33. Re5 f6 34. R5e3 Re8 35. Qg4 Kf7 36. g3 Nh5 37. Qe2 Ng7 38. Qd3 Nf5 39. R3e2 Qb6 40. b3 h5 41. Kg1 Qd6 42. Rd1 Rd8 43. Kf1 g5 44. Rde1 Re8 45. Qxf5 exf5 46. Rxe8 h4 47. R1e7+ Kg6 48. Rg8+ Kh6 49. Rgg7 f4 50. g4 f5 51. Rh7+ Kg6 52. Reg7+ Kf6 53. Rh6+ 1-0

[Event "1st Sakatam Open 2024"]
[Site "Guwahati"]
[Date "2024.03.26"]
[Round "7.1"]
[White "Subhayan Kundu"]
[Black "Kaustuv, Kundu"]
[Result "1/2-1/2"]
[ECO "B56"]
[WhiteElo "2353"]
[BlackElo "2388"]
[Annotator "RC"]
[PlyCount "20"]
[EventDate "2024.03.24"]
[EventType "swiss"]
[EventCountry "IND"]
[SourceTitle "playchess.com"]
[Source "ChessBase"]
[SourceQuality "1"]
[TimeControl "5400+30"]

1. e4 c5 2. Nf3 d6 3. d4 cxd4 4. Nxd4 Nf6 5. Nc3 Nc6 6. Be3 Ng4 7. Bc1 Nf6 8. Be3 Ng4 9. Bc1 Nf6 10. Be3 Ng4 1/2-1/2

[Event "1st Sakatam Open 2024"]
[Site "Guwahati"]
[Date "2024.03.26"]
[Round "7.2"]
[White "Kumar, Gaurav"]
[Black "Mrinmoy Rajkhowa"]
[Result "1/2-1/2"]
[ECO "A15"]
[WhiteElo "2049"]
[BlackElo "1901"]
[Annotator "RC"]
[PlyCount "66"]
[EventDate "2024.03.24"]
[EventType "swiss"]
[EventCountry "IND"]
[SourceTitle "playchess.com"]
[Source "ChessBase"]
[SourceQuality "1"]
[TimeControl "5400+30"]

1. Nf3 Nf6 2. c4 g6 3. b4 Bg7 4. Bb2 O-O 5. g3 d6 6. Bg2 e5 7. d3 a5 8. b5 Nbd7 9. O-O Re8 10. a4 Qe7 11. e3 e4 12. dxe4 Nxe4 13. Bxg7 Kxg7 14. Nd4 Ndc5 15. Nd2 h5 16. Nxe4 Nxe4 17. h4 Bd7 18. Qc2 Nc5 19. Rad1 Qf6 20. e4 Rad8 21. f4 Bg4 22. Rd2 Qe7 23. Re1 Qf6 24. Kh2 Kh7 25. Bf3 Ne6 26. Nxe6 Qxe6 27. Bg2 Qf6 28. Rd3 b6 29. Rde3 Qd4 30. Rd3 Qf6 31. Rde3 Qd4 32. Rd3 Qf6 33. Rde3 Qd4 1/2-1/2

[Event "1st Sakatam Open 2024"]
[Site "Guwahati"]
[Date "2024.03.26"]
[Round "7.3"]
[White "Kishan Kumar"]
[Black "Arpan Das"]
[Result "1-0"]
[ECO "D02"]
[WhiteElo "1867"]
[BlackElo "2374"]
[Annotator "RC"]
[PlyCount "93"]
[EventDate "2024.03.24"]
[EventType "swiss"]
[EventCountry "IND"]
[SourceTitle "playchess.com"]
[Source "ChessBase"]
[SourceQuality "1"]
[TimeControl "5400+30"]

1. Nf3 Nf6 2. d4 g6 3. g3 Bg7 4. Bg2 c5 5. c3 d5 6. O-O O-O 7. Bf4 b6 8. Nbd2 Bb7 9. Ne5 Ne8 10. e4 cxd4 11. cxd4 Nf6 12. Re1 dxe4 13. Nxe4 Nxe4 14. Rxe4 Na6 15. Re2 Bxg2 16. Kxg2 Qd5+ 17. Kg1 g5 18. Be3 h6 19. Qa4 Nc7 20. Rc1 Ne6 21. Qc4 Qxc4 22. Rxc4 Rfc8 23. Rec2 Rxc4 24. Rxc4 Kf8 25. b3 Ke8 26. Kf1 f6 27. Nc6 Kd7 28. Ke2 f5 29. f4 gxf4 30. Bxf4 b5 31. Rc1 Nxf4+ 32. gxf4 Kd6 33. Ne5 Bxe5 34. dxe5+ Kd5 35. Kf3 Kd4 36. Rc7 e6 37. Re7 Kc3 38. Rxe6 a5 39. Rf6 Kb2 40. e6 Kxa2 41. Rxf5 Kxb3 42. e7 Re8 43. Rxb5+ Kc4 44. Re5 a4 45. f5 a3 46. f6 a2 47. Ra5 1-0

[Event "1st Sakatam Open 2024"]
[Site "Guwahati"]
[Date "2024.03.26"]
[Round "7.4"]
[White "Arpan Das"]
[Black "Madkar, Atharva"]
[Result "1-0"]
[ECO "C96"]
[WhiteElo "2374"]
[BlackElo "1788"]
[Annotator "RC"]
[PlyCount "75"]
[EventDate "2024.03.24"]
[EventType "swiss"]
[EventCountry "IND"]
[SourceTitle "playchess.com"]
[Source "ChessBase"]
[SourceQuality "1"]
[TimeControl "5400+30"]

1. e4 e5 2. Nf3 Nc6 3. Bb5 a6 4. Ba4 Nf6 5. O-O Be7 6. Re1 b5 7. Bb3 O-O 8. a4 Rb8 9. h3 d6 10. c3 Na5 11. Bc2 c5 12. d4 Qc7 13. d5 c4 14. axb5 axb5 15. Be3 Bd7 16. Nbd2 b4 17. Ba4 bxc3 18. bxc3 Rb7 19. Ra3 Rfb8 20. Qe2 Bd8 21. Qf1 Rb2 22. Bd1 Bb5 23. Be2 Qb7 24. Rea1 Nb3 25. Rb1 Rxb1 26. Qxb1 Qc7 27. Nxb3 cxb3 28. Rxb3 Nxe4 29. c4 f5 30. cxb5 Nc3 31. Qd3 Nxe2+ 32. Qxe2 f4 33. Bxf4 Qf7 34. Be3 Qxd5 35. Rb1 Bb6 36. Bxb6 Rxb6 37. Nd2 Qc5 38. Qc4+ 1-0

[Event "1st Sakatam Open 2024"]
[Site "Guwahati"]
[Date "2024.03.26"]
[Round "7.5"]
[White "Balkishan, A.."]
[Black "Aahil Patra"]
[Result "1-0"]
[ECO "D53"]
[WhiteElo "2108"]
[BlackElo "1758"]
[Annotator "RC"]
[PlyCount "75"]
[EventDate "2024.03.24"]
[EventType "swiss"]
[EventCountry "IND"]
[SourceTitle "playchess.com"]
[Source "ChessBase"]
[SourceQuality "1"]
[TimeControl "5400+30"]

1. d4 d5 2. c4 e6 3. Nc3 Nf6 4. Bg5 Be7 5. e3 O-O 6. Nf3 h6 7. Bf4 Nbd7 8. h3 c5 9. cxd5 exd5 10. Bd3 b6 11. O-O Bb7 12. Rc1 a6 13. dxc5 bxc5 14. Na4 Qa5 15. b4 Qd8 16. Nxc5 Nxc5 17. bxc5 Rc8 18. Qb3 Ba8 19. Bxa6 Rxc5 20. Nd4 Ne4 21. Qb2 Rxc1 22. Qxc1 Qa5 23. Bd3 Qxa2 24. f3 Nc5 25. Bb1 Qc4 26. Nf5 Bf6 27. Qa3 Ne6 28. Bd6 Rc8 29. Be7 Qc3 30. Qa6 Re8 31. Qa4 Nc7 32. Bxf6 Qxf6 33. Rc1 Qb2 34. Rxc7 Qxb1+ 35. Kh2 Rd8 36. Qg4 Qb2 37. Nxh6+ Kh7 38. Nxf7 1-0

[Event "1st Sakatam Open 2024"]
[Site "Guwahati"]
[Date "2024.03.26"]
[Round "7.6"]
[White "Singh, Y. Dhanabir"]
[Black "Arshiya Das"]
[Result "1-0"]
[ECO "B06"]
[WhiteElo "1996"]
[BlackElo "1741"]
[Annotator "RC"]
[PlyCount "145"]
[EventDate "2024.03.24"]
[EventType "swiss"]
[EventCountry "IND"]
[SourceTitle "playchess.com"]
[Source "ChessBase"]
[SourceQuality "1"]
[TimeControl "5400+30"]

1. e4 g6 2. d4 Bg7 3. f4 d6 4. Nf3 a6 5. Bd3 Bg4 6. c3 Nd7 7. O-O e6 8. f5 e5 9. Qb3 Bxf3 10. Rxf3 g5 11. f6 Bxf6 12. Bxg5 b5 13. Bxf6 Ngxf6 14. a4 c6 15. Na3 Rb8 16. Raf1 Qe7 17. axb5 axb5 18. Nc2 Rf8 19. Ne3 Kd8 20. Qa3 Kc7 21. Qa5+ Rb6 22. d5 Qd8 23. dxc6 Kxc6 24. Rxf6 Nxf6 25. Rxf6 Qxf6 26. Qxb6+ Kxb6 27. Nd5+ Kc6 28. Nxf6 h6 29. Kf2 Ra8 30. Nd5 Ra1 31. b4 Ra2+ 32. Kf3 Ra1 33. g4 Rh1 34. Kg2 Rd1 35. Be2 Re1 36. Bf3 Rc1 37. h4 Rc2+ 38. Kg3 Rc1 39. h5 Rg1+ 40. Kf2 Rc1 41. Ke3 Ra1 42. Ne7+ Kd7 43. Nf5 Ke6 44. Nxh6 Kf6 45. Nf5 Ra3 46. Kd3 Ra6 47. Ne3 Kg5 48. Nd5 Ra2 49. Nc7 Kf4 50. Be2 d5 51. Nxd5+ Kg3 52. Ke3 Rc2 53. h6 Ra2 54. h7 Ra8 55. Nf6 Rh8 56. Bxb5 Kh4 57. Bd7 Kg5 58. Bf5 Kxf6 59. c4 Kg7 60. b5 Rd8 61. c5 Rb8 62. b6 Kh8 63. Kd3 f6 64. Kc4 Kg7 65. Kb5 Kh8 66. c6 Kg7 67. c7 Rf8 68. b7 Kh6 69. c8=Q Rxc8 70. bxc8=Q Kg5 71. h8=Q Kf4 72. Qh2+ Ke3 73. Qc3# 1-0

[Event "1st Sakatam Open 2024"]
[Site "Guwahati"]
[Date "2024.03.26"]
[Round "7.7"]
[White "Chandreyee, Hajra"]
[Black "Maharnav Deka"]
[Result "1-0"]
[ECO "B10"]
[WhiteElo "1912"]
[BlackElo "1738"]
[Annotator "RC"]
[PlyCount "29"]
[EventDate "2024.03.24"]
[EventType "swiss"]
[EventCountry "IND"]
[SourceTitle "playchess.com"]
[Source "ChessBase"]
[SourceQuality "1"]
[TimeControl "5400+30"]

1. e4 c6 2. c4 d5 3. cxd5 cxd5 4. exd5 Nf6 5. Nc3 Nxd5 6. Bc4 Nf6 7. Nf3 Nc6 8. d4 Bg4 9. d5 Ne5 10. Nxe5 Bxd1 11. Bb5+ Nd7 12. Bxd7+ Qxd7 13. Nxd7 Kxd7 14. Kxd1 Rd8 15. Bf4 1-0

[Event "1st Sakatam Open 2024"]
[Site "Guwahati"]
[Date "2024.03.26"]
[Round "7.8"]
[White "Parambrata Sarkar"]
[Black "Tanmay Rajbongshi"]
[Result "0-1"]
[ECO "B25"]
[WhiteElo "1755"]
[BlackElo "1909"]
[Annotator "RC"]
[PlyCount "114"]
[EventDate "2024.03.24"]
[EventType "swiss"]
[EventCountry "IND"]
[SourceTitle "playchess.com"]
[Source "ChessBase"]
[SourceQuality "1"]
[TimeControl "5400+30"]

1. e4 c5 2. Nc3 Nc6 3. g3 g6 4. Bg2 Bg7 5. d3 d6 6. f4 e6 7. Nf3 Nge7 8. O-O d5 9. Bd2 O-O 10. Qe1 Rb8 11. Qf2 d4 12. Ne2 b5 13. Rad1 b4 14. g4 f5 15. Qh4 h6 16. Ng3 Bd7 17. Rde1 a5 18. Bh3 Be8 19. exf5 exf5 20. gxf5 Nxf5 21. Nxf5 gxf5 22. Qg3 Kh8 23. Kf2 c4 24. Rg1 Rb7 25. Nh4 c3 26. Bc1 cxb2 27. Bxb2 Rc7 28. Bxf5 Rf6 29. Qg4 Na7 30. Re2 Nb5 31. Rge1 Bf7 32. Nf3 Rfc6 33. Rg1 Bf6 34. Ne5 Bxe5 35. fxe5 Qf8 36. e6 Bg6 37. Qxg6 Rc5 38. e7 Rxf5+ 39. Ke1 Rxe7 40. Qg4 Rxe2+ 41. Kxe2 Rf4 42. Qd7 Nc3+ 43. Ke1 a4 44. Bc1 Rf7 45. Qxd4+ Kh7 46. Be3 Re7 47. Rf1 Qe8 48. Kd2 Qh5 49. Re1 Qxh2+ 50. Bf2 Rf7 51. Re2 Nxe2 52. Kxe2 Qg2 53. Qh4 Qf3+ 54. Ke1 b3 55. axb3 axb3 56. cxb3 Qxd3 57. b4 Rd7 0-1

[Event "1st Sakatam Open 2024"]
[Site "Guwahati"]
[Date "2024.03.27"]
[Round "8.1"]
[White "Kaustuv, Kundu"]
[Black "Kishan Kumar"]
[Result "1-0"]
[ECO "A17"]
[WhiteElo "2388"]
[BlackElo "1867"]
[Annotator "RC"]
[PlyCount "35"]
[EventDate "2024.03.24"]
[EventType "swiss"]
[EventCountry "IND"]
[SourceTitle "playchess.com"]
[Source "ChessBase"]
[SourceQuality "1"]
[TimeControl "5400+30"]

1. Nf3 d5 2. e3 Nf6 3. c4 e6 4. Nc3 Be7 5. b3 c5 6. cxd5 exd5 7. Bb5+ Bd7 8. Bxd7+ Qxd7 9. d4 cxd4 10. Nxd4 Bb4 11. Bb2 Nc6 12. O-O O-O 13. Nce2 Rac8 14. Rc1 Ne4 15. Nxc6 Rxc6 16. Qd4 Rg6 17. Nf4 Rg5 18. Qxb4 1-0

[Event "1st Sakatam Open 2024"]
[Site "Guwahati"]
[Date "2024.03.27"]
[Round "8.2"]
[White "Balkishan, A.."]
[Black "Subhayan Kundu"]
[Result "1-0"]
[ECO "E73"]
[WhiteElo "2108"]
[BlackElo "2353"]
[Annotator "RC"]
[PlyCount "55"]
[EventDate "2024.03.24"]
[EventType "swiss"]
[EventCountry "IND"]
[SourceTitle "playchess.com"]
[Source "ChessBase"]
[SourceQuality "1"]
[TimeControl "5400+30"]

1. d4 Nf6 2. c4 g6 3. Nc3 Bg7 4. e4 d6 5. Be2 O-O 6. Be3 Nc6 7. d5 Ne5 8. f4 Neg4 9. Bd2 Nh6 10. Nf3 e6 11. dxe6 fxe6 12. O-O Nf7 13. Qc2 c6 14. h3 Nh5 15. g4 Ng3 16. Rf2 Nxe2+ 17. Rxe2 b5 18. c5 e5 19. cxd6 exf4 20. e5 Ng5 21. Nxg5 Qxg5 22. Ne4 Qxe5 23. Bc3 Qd5 24. Rd1 Qe6 25. Ng5 Qc4 26. Bxg7 Qxc2 27. Rxc2 Kxg7 28. d7 1-0

[Event "1st Sakatam Open 2024"]
[Site "Guwahati"]
[Date "2024.03.27"]
[Round "8.3"]
[White "Tanmay Rajbongshi"]
[Black "Arpan Das"]
[Result "1/2-1/2"]
[ECO "B13"]
[WhiteElo "1909"]
[BlackElo "2374"]
[Annotator "RC"]
[PlyCount "126"]
[EventDate "2024.03.24"]
[EventType "swiss"]
[EventCountry "IND"]
[SourceTitle "playchess.com"]
[Source "ChessBase"]
[SourceQuality "1"]
[TimeControl "5400+30"]

1. e4 c6 2. d4 d5 3. exd5 cxd5 4. Bd3 Nf6 5. Bf4 Bg4 6. Nf3 Nc6 7. c3 e6 8. Nbd2 Bd6 9. Bxd6 Qxd6 10. O-O O-O 11. Re1 a6 12. Qb3 Bxf3 13. Nxf3 Qc7 14. Ne5 Nxe5 15. dxe5 Nd7 16. Qd1 g6 17. Qe2 Kg7 18. Rac1 Rac8 19. h3 Nc5 20. Bb1 b5 21. b3 Qe7 22. Qe3 Nd7 23. Bd3 Qa3 24. Qd2 Rc7 25. h4 h5 26. Bf1 Rfc8 27. Rc2 Nc5 28. Qf4 Nd7 29. Qd2 Rc6 30. Qe3 Qc5 31. Qf4 Qb6 32. Re3 Qc7 33. Qd4 Qd8 34. Rd2 Nb6 35. Rdd3 Nd7 36. Rd2 R8c7 37. Rf3 Qe7 38. Rc2 Rc8 39. Qf4 Rc5 40. Qd4 R5c7 41. Re2 Nb8 42. Ree3 Nc6 43. Qf4 d4 44. Re4 Rd8 45. c4 bxc4 46. Bxc4 Rcd7 47. Rd3 Rb8 48. g3 Rb6 49. Kh2 Kg8 50. Qh6 Qf8 51. Qg5 Qd8 52. Qd2 Qe7 53. Qh6 Qf8 54. Qg5 Qd8 55. Qd2 Qf8 56. Qg5 Qg7 57. Qf4 Kh7 58. Kg2 Qh6 59. Qxh6+ Kxh6 60. f4 Kg7 61. Kf3 Kf8 62. Re1 Ke7 63. Red1 Rd8 1/2-1/2

[Event "1st Sakatam Open 2024"]
[Site "Guwahati"]
[Date "2024.03.27"]
[Round "8.4"]
[White "Ashutosh, Kumar"]
[Black "Kumar, Gaurav"]
[Result "0-1"]
[ECO "D35"]
[WhiteElo "1825"]
[BlackElo "2049"]
[Annotator "RC"]
[PlyCount "116"]
[EventDate "2024.03.24"]
[EventType "swiss"]
[EventCountry "IND"]
[SourceTitle "playchess.com"]
[Source "ChessBase"]
[SourceQuality "1"]
[TimeControl "5400+30"]

1. d4 Nf6 2. c4 e6 3. Nf3 d5 4. Nc3 Be7 5. cxd5 exd5 6. Bf4 c6 7. h3 Bd6 8. e3 Bxf4 9. exf4 O-O 10. Bd3 Qb6 11. Qc2 Re8+ 12. Kf1 Na6 13. a3 c5 14. Na4 Qc7 15. Nxc5 Nxc5 16. Qxc5 Qxf4 17. Qc1 Nh5 18. Bb5 Re4 19. Kg1 Qf6 20. Bd3 Re7 21. Qg5 Qxg5 22. Nxg5 f6 23. Nf3 Nf4 24. Bf1 Bf5 25. Rc1 Ne2+ 26. Bxe2 Rxe2 27. b4 Rc8 28. Rxc8+ Bxc8 29. Kh2 Rxf2 30. Rc1 Bf5 31. Rc7 Be4 32. Rxb7 Ra2 33. Kg1 Rxa3 34. Nd2 Bxg2 35. h4 Rd3 36. Kxg2 Rxd2+ 37. Kg3 Rd3+ 38. Kg4 g6 39. h5 Rxd4+ 40. Kg3 gxh5 41. b5 Rb4 42. Rxa7 Rxb5 43. Rd7 Rb3+ 44. Kf4 h4 45. Rxd5 h3 46. Rh5 Kg7 47. Ra5 h2 48. Rh5 Rb2 49. Rh3 Rf2+ 50. Kg3 Rb2 51. Kf4 h6 52. Rg3+ Kh7 53. Rh3 Rc2 54. Kf5 Rf2+ 55. Kg4 Kg6 56. Kg3 Rb2 57. Rh4 f5 58. Kf3 Kg5 0-1

[Event "1st Sakatam Open 2024"]
[Site "Guwahati"]
[Date "2024.03.27"]
[Round "8.5"]
[White "Mrinmoy Rajkhowa"]
[Black "Singh, Y. Dhanabir"]
[Result "0-1"]
[ECO "B52"]
[WhiteElo "1901"]
[BlackElo "1996"]
[Annotator "RC"]
[PlyCount "58"]
[EventDate "2024.03.24"]
[EventType "swiss"]
[EventCountry "IND"]
[SourceTitle "playchess.com"]
[Source "ChessBase"]
[SourceQuality "1"]
[TimeControl "5400+30"]

1. e4 c5 2. Nf3 d6 3. Bb5+ Bd7 4. c4 e5 5. Bxd7+ Qxd7 6. Nc3 Nc6 7. d3 g6 8. a3 Bg7 9. Rb1 f5 10. O-O Nf6 11. Bg5 f4 12. Bxf6 Bxf6 13. Nd5 O-O 14. b4 Kh8 15. bxc5 dxc5 16. Qb3 b6 17. Qb5 g5 18. Nd2 g4 19. a4 f3 20. g3 Qe8 21. Kh1 Rd8 22. h4 Bxh4 23. gxh4 Rxd5 24. Qxc6 Qxc6 25. cxd5 Qh6 26. Nc4 Qxh4+ 27. Kg1 g3 28. fxg3 Qxg3+ 29. Kh1 Qg2# 0-1

[Event "1st Sakatam Open 2024"]
[Site "Guwahati"]
[Date "2024.03.27"]
[Round "8.6"]
[White "Snehaal Roy"]
[Black "Chandreyee, Hajra"]
[Result "0-1"]
[ECO "B90"]
[WhiteElo "1738"]
[BlackElo "1912"]
[Annotator "RC"]
[PlyCount "74"]
[EventDate "2024.03.24"]
[EventType "swiss"]
[EventCountry "IND"]
[SourceTitle "playchess.com"]
[Source "ChessBase"]
[SourceQuality "1"]
[TimeControl "5400+30"]

1. e4 c5 2. Nf3 d6 3. d4 cxd4 4. Nxd4 Nf6 5. Nc3 a6 6. f3 e5 7. Nb3 Be6 8. Be3 Nbd7 9. Qd2 Be7 10. O-O-O O-O 11. g4 b5 12. h4 b4 13. Na4 a5 14. Bh3 Qc7 15. g5 Nh5 16. g6 Bxh3 17. gxf7+ Kh8 18. Rxh3 Qc6 19. Qd5 Qxa4 20. Qe6 Bd8 21. Rxd6 Ndf6 22. Nc5 Qb5 23. Nd3 Bc7 24. Bc5 Bxd6 25. Bxd6 Qd7 26. Qxe5 Qxh3 27. Bxf8 Rxf8 28. Qe7 Nd7 29. e5 Rc8 30. Nf2 Qf5 31. Ne4 Nf8 32. Qb7 Qf4+ 33. Kb1 Qxf3 34. a4 b3 35. cxb3 Qd1+ 36. Ka2 Rc1 37. Nc3 Ra1# 0-1

[Event "1st Sakatam Open 2024"]
[Site "Guwahati"]
[Date "2024.03.27"]
[Round "8.7"]
[White "Arpan Das"]
[Black "Singh Bhogen R K"]
[Result "1-0"]
[ECO "E71"]
[WhiteElo "2374"]
[BlackElo "1854"]
[Annotator "RC"]
[PlyCount "95"]
[EventDate "2024.03.24"]
[EventType "swiss"]
[EventCountry "IND"]
[SourceTitle "playchess.com"]
[Source "ChessBase"]
[SourceQuality "1"]
[TimeControl "5400+30"]

1. d4 Nf6 2. c4 g6 3. Nc3 Bg7 4. e4 d6 5. h3 O-O 6. Be3 e5 7. d5 a5 8. g4 Na6 9. Nge2 h5 10. g5 Nd7 11. Ng1 Ndc5 12. Nf3 Bd7 13. Nh4 c6 14. Be2 cxd5 15. Nxd5 Nxe4 16. Rg1 Nb4 17. Bb6 Qe8 18. Nc7 Qe7 19. a3 Na6 20. Nxa8 Rxa8 21. Nxg6 fxg6 22. Qd5+ Qf7 23. Qxe4 Bxh3 24. Bf3 Rf8 25. Qd5 Be6 26. Qxe6 Qxe6 27. Bd5 Qxd5 28. cxd5 Rc8 29. Kd1 e4 30. Rc1 Re8 31. Rc2 Re5 32. Rd2 a4 33. Ke2 Bf8 34. Be3 Be7 35. b3 axb3 36. Rb1 b5 37. Rxb3 Nc7 38. Ke1 Kf7 39. Bb6 Nxd5 40. Rxb5 Ke6 41. a4 Rxg5 42. Kf1 h4 43. Re2 h3 44. Rxe4+ Kd7 45. Rh4 Kc6 46. Bd4 Nf4 47. Be3 Rh5 48. Rxf4 1-0

[Event "1st Sakatam Open 2024"]
[Site "Guwahati"]
[Date "2024.03.27"]
[Round "8.8"]
[White "Pran Govinda Parashar Kashyap"]
[Black "Singh, Soram Rahul"]
[Result "1/2-1/2"]
[ECO "A17"]
[WhiteElo "1734"]
[BlackElo "1898"]
[Annotator "NA COMBH"]
[PlyCount "107"]
[EventDate "2024.03.24"]
[EventType "swiss"]
[EventCountry "IND"]
[SourceTitle "playchess.com"]
[Source "ChessBase"]
[SourceQuality "1"]
[TimeControl "5400+30"]

1. c4 e6 2. g3 d5 3. cxd5 exd5 4. d4 Nf6 5. Bg2 Bd6 6. Nc3 c6 7. a3 {[%emt 0:06:48] A17: English Opening: 1...Nf6 with ...Bb4.} Bf5 8. b4 Nbd7 9. Nf3 h6 10. O-O O-O 11. b5 Ne4 12. Nxe4 Bxe4 13. bxc6 bxc6 14. Nd2 Bxg2 15. Kxg2 Qb6 16. Nf3 Rab8 17. a4 Rfe8 18. Be3 Qa6 19. Qc2 Rb4 20. Rfc1 $1 Rc8 21. Qd3 Qxd3 22. exd3 Rb3 23. Rc2 Rxd3 24. Rac1 Nb8 25. Ne5 Bxe5 26. dxe5 d4 27. Bd2 Nd7 28. f4 (28. Bb4 $17 {was worth a try.}) 28... c5 29. Bb4 Nb6 30. Rxc5 Rxc5 31. Rxc5 Rb3 32. Ba5 Rb2+ 33. Kf3 d3 34. Bxb6 axb6 35. Rb5 Rxh2 36. Rxb6 Ra2 37. Rd6 d2 38. a5 Ra3+ 39. Kf2 Ra2 40. Kf3 Ra3+ 41. Kf2 Rxa5 42. Rxd2 Ra3 43. Rd8+ Kh7 44. Rd6 Rb3 45. g4 Rb4 46. Kf3 Rb3+ 47. Kf2 Rb2+ 48. Kf3 Rb1 49. Rd7 Rb3+ 50. Kf2 Kg8 51. Rd8+ Kh7 52. Rd7 Kg8 53. Rd8+ Kh7 54. Rd7 $11 1/2-1/2

[Event "1st Sakatam Open 2024"]
[Site "Guwahati"]
[Date "2024.03.27"]
[Round "9.1"]
[White "Kumar, Gaurav"]
[Black "Kaustuv, Kundu"]
[Result "1-0"]
[ECO "A15"]
[WhiteElo "2049"]
[BlackElo "2388"]
[Annotator "RC"]
[PlyCount "97"]
[EventDate "2024.03.24"]
[EventType "swiss"]
[EventCountry "IND"]
[SourceTitle "playchess.com"]
[Source "ChessBase"]
[SourceQuality "1"]
[TimeControl "5400+30"]

1. Nf3 Nf6 2. c4 g6 3. b4 Bg7 4. Bb2 O-O 5. g3 Nc6 6. Qb3 e5 7. Nxe5 Nxe5 8. Bxe5 Re8 9. Bb2 a5 10. Bg2 axb4 11. e3 Ne4 12. Bxg7 Kxg7 13. d4 Qf6 14. O-O c5 15. Bxe4 Rxe4 16. Nd2 Re8 17. dxc5 d6 18. cxd6 Qxd6 19. Rfd1 Qc6 20. Qxb4 Bh3 21. Qc3+ Kg8 22. f3 f5 23. c5 Re7 24. Kf2 Rae8 25. Re1 g5 26. Rac1 g4 27. Qc4+ Kh8 28. e4 gxf3 29. e5 Bg4 30. h3 Bxh3 31. Nxf3 Bg4 32. Qc3 Rf8 33. e6+ Kg8 34. Ne5 Qd5 35. Nd7 Rxd7 36. exd7 Qxd7 37. Qe3 Rf7 38. Qe8+ Kg7 39. Qe5+ Kg6 40. Qe6+ Kg7 41. Qxd7 Rxd7 42. Rc2 Kf6 43. a4 Kg5 44. a5 Bd1 45. c6 bxc6 46. Rxc6 Bb3 47. a6 Bd5 48. Rc5 Kg4 49. Rd1 1-0

[Event "1st Sakatam Open 2024"]
[Site "Guwahati"]
[Date "2024.03.27"]
[Round "9.2"]
[White "Singh, Y. Dhanabir"]
[Black "Balkishan, A.."]
[Result "1-0"]
[ECO "B21"]
[WhiteElo "1996"]
[BlackElo "2108"]
[Annotator "RC"]
[PlyCount "135"]
[EventDate "2024.03.24"]
[EventType "swiss"]
[EventCountry "IND"]
[SourceTitle "playchess.com"]
[Source "ChessBase"]
[SourceQuality "1"]
[TimeControl "5400+30"]

1. e4 c5 2. f4 d5 3. exd5 Nf6 4. Bb5+ Nbd7 5. Nc3 a6 6. Bxd7+ Qxd7 7. Nf3 Nxd5 8. Ne5 Nxc3 9. bxc3 Qc7 10. c4 g6 11. Bb2 Bg7 12. O-O O-O 13. a4 b6 14. Bc3 Bb7 15. Qe2 Rab8 16. Rfb1 f6 17. Nd3 Qc6 18. Rf1 Kh8 19. Rf3 Rfe8 20. Re3 Rbd8 21. Qf2 Kg8 22. Re2 a5 23. Qg3 e6 24. Nf2 Qd7 25. Ng4 Kf7 26. Rb1 h5 27. Nf2 Qxa4 28. Rxb6 Ba8 29. d3 Rb8 30. f5 Rxb6 31. Qc7+ Kg8 32. Qxb6 exf5 33. Qxa5 Qxa5 34. Rxe8+ Kf7 35. Bxa5 Kxe8 36. Bb6 Bf8 37. Nd1 Kd7 38. Nc3 Bc6 39. Kf2 Ke6 40. g3 g5 41. Nb5 Kd7 42. Ke3 Bb7 43. c3 f4+ 44. gxf4 g4 45. d4 Bh1 46. Kf2 h4 47. Bxc5 Bxc5 48. dxc5 Kc6 49. Nd4+ Kxc5 50. Nf5 Kxc4 51. Nxh4 Be4 52. f5 Kxc3 53. Kg3 Kd4 54. Kxg4 Ke5 55. Ng6+ Kd6 56. h4 Bd5 57. h5 Bg8 58. h6 Kd7 59. h7 Bxh7 60. Nf8+ Ke7 61. Nxh7 Kf7 62. Kh5 Kg7 63. Nf8 Kxf8 64. Kg6 Kg8 65. Kxf6 Kf8 66. Ke6 Ke8 67. f6 Kf8 68. f7 1-0

[Event "1st Sakatam Open 2024"]
[Site "Guwahati"]
[Date "2024.03.27"]
[Round "9.3"]
[White "Chandreyee, Hajra"]
[Black "Arpan Das"]
[Result "1/2-1/2"]
[ECO "D94"]
[WhiteElo "1912"]
[BlackElo "2374"]
[Annotator "RC"]
[PlyCount "130"]
[EventDate "2024.03.24"]
[EventType "swiss"]
[EventCountry "IND"]
[SourceTitle "playchess.com"]
[Source "ChessBase"]
[SourceQuality "1"]
[TimeControl "5400+30"]

1. e4 c6 2. c4 d5 3. cxd5 cxd5 4. exd5 Nf6 5. Nc3 Nxd5 6. Bc4 Nb6 7. Bb3 g6 8. Nf3 Bg7 9. d4 O-O 10. O-O Nc6 11. Bg5 h6 12. Be3 Na5 13. Bc2 Be6 14. Qc1 Kh7 15. h4 Qc8 16. h5 Bf5 17. Ne5 Nac4 18. Bf4 Nxe5 19. Bxe5 Bxe5 20. hxg6+ fxg6 21. dxe5 Qe6 22. f4 Rac8 23. Bb3 Nc4 24. Kh2 Qc6 25. Bxc4 Qxc4 26. Qe3 b6 27. Ne2 Qd3 28. Rf3 Qxe3 29. Rxe3 Rc2 30. Rc1 Rfc8 31. Rxc2 Rxc2 32. Nd4 Rxb2 33. Nc6 e6 34. Nxa7 Rxa2 35. Nc8 b5 36. Nd6 b4 37. Rb3 Ra4 38. Rb2 h5 39. Nxf5 gxf5 40. g3 Kg6 41. Kh3 Kh6 42. Rb1 Kg7 43. Kh4 Kg6 44. Kh3 h4 45. Kxh4 Ra8 46. Kh3 Rb8 47. Rb3 Kh5 48. Kh2 Kg4 49. Kg2 Rb7 50. Rb2 Rb8 51. Rb3 Rb7 52. Kf2 Rb6 53. Kg2 Rb8 54. Kf2 Kh3 55. Kf3 Rg8 56. Kf2 Rb8 57. Kf3 Ra8 58. Rxb4 Ra3+ 59. Kf2 Ra2+ 60. Kf3 Ra3+ 61. Kf2 Rxg3 62. Rb8 Rg7 63. Rh8+ Kg4 64. Ke3 Ra7 65. Rg8+ Kh4 1/2-1/2

[Event "1st Sakatam Open 2024"]
[Site "Guwahati"]
[Date "2024.03.27"]
[Round "9.4"]
[White "Subhayan Kundu"]
[Black "Adhiraj Mitra"]
[Result "1/2-1/2"]
[ECO "C54"]
[WhiteElo "2353"]
[BlackElo "1840"]
[Annotator "RC"]
[PlyCount "119"]
[EventDate "2024.03.24"]
[EventType "swiss"]
[EventCountry "IND"]
[SourceTitle "playchess.com"]
[Source "ChessBase"]
[SourceQuality "1"]
[TimeControl "5400+30"]

1. e4 e5 2. Nf3 Nc6 3. Bc4 Bc5 4. c3 Nf6 5. d4 exd4 6. b4 Bb6 7. e5 d5 8. exf6 dxc4 9. Qe2+ Be6 10. b5 Nb4 11. cxb4 gxf6 12. O-O Qd5 13. a4 d3 14. Qd1 Bd4 15. Nxd4 Qxd4 16. Ra3 Rg8 17. Nc3 O-O-O 18. Be3 Qh4 19. f3 Bh3 20. Ra2 d2 21. Rxd2 Rxd2 22. Qxd2 Rxg2+ 23. Qxg2 Bxg2 24. Kxg2 Qh5 25. Rf2 Qg6+ 26. Kh1 Qd3 27. Bd2 f5 28. Kg2 b6 29. a5 bxa5 30. bxa5 c6 31. Be1 cxb5 32. Rd2 Qe3 33. Re2 Qg5+ 34. Kf1 Qh5 35. Nxb5 Qxf3+ 36. Bf2 Qh3+ 37. Ke1 Qxh2 38. Kd2 Qh6+ 39. Kc3 Qc1+ 40. Rc2 Qa1+ 41. Kxc4 Qxa5 42. Nxa7+ Kd7 43. Bd4 Qa4+ 44. Kd3 Qb3+ 45. Rc3 Qb1+ 46. Kc4 f4 47. Nb5 Ke6 48. Nc7+ Kf5 49. Nd5 Qa2+ 50. Kc5 Qe2 51. Rh3 h5 52. Rh4 Qf3 53. Kd6 Qa3+ 54. Bc5 Qa6+ 55. Bb6 Qa3+ 56. Bc5 Qf3 57. Bd4 Qe4 58. Rxf4+ Qxf4+ 59. Nxf4 Kxf4 60. Bf6 1/2-1/2